 Dungeon Crawl Stone Soup version 0.18-a0-1682-g23343eb (webtiles) character file.

78 Etesian the Conjurer (level 4, -10/24 HPs)
             Began as a Deep Elf Conjurer on Apr 2, 2016.
             Killed by divine providence
             ... invoked by an orc priest
              (13 damage)
             ... on level 3 of the Dungeon.
             The game lasted 00:05:20 (1486 turns).

Etesian the Conjurer (Deep Elf Conjurer)            Turns: 1486, Time: 00:05:20

Health: -10/24     AC:  4    Str:  5    XL:     4   Next: 15%
Magic:  6/12       EV: 13    Int: 21    God:
Gold:   56         SH:  0    Dex: 15    Spells: 3 memorised, 4 levels left

rFire  . . .     SeeInvis .     l - +0 dagger
rCold  . . .     Gourm    +     a - +0 robe
rNeg   . . .     Faith    .     (no shield)
rPois  .         Spirit   .     (no helmet)
rElec  .         Dismiss  .     m - +0 cloak
rCorr  .         Reflect  .     p - +0 pair of gloves
SustAt .         Harm     .     (no boots)
MR     .....                    n - amulet of the gourmand
Stlth  ++........               (no ring)
                                q - ring of flight

@: very slightly contaminated, not resistant to hostile enchantments, unstealthy
A: no striking features
a: Evoke Flight


You were on level 3 of the Dungeon.
You were completely stuffed.

You visited 1 branch of the dungeon, and saw 3 of its levels.

You collected 56 gold pieces.

Inventory:

Hand Weapons
 l - a +0 dagger (weapon)
Armour
 a - a +0 robe (worn)
 m - a +0 cloak (worn)
 p - a +0 pair of gloves (worn)
Jewellery
 n - an amulet of the gourmand (around neck)
 q - a ring of flight (left hand)
Scrolls
 h - a scroll of blinking
Potions
 e - a potion of resistance
 f - a potion of might
 i - a potion of curing
 j - a potion of cure mutation {unknown}
 k - a potion of heal wounds
 s - a potion of degeneration {unknown}
Books
 b - a book of Conjurations

   Spells                             Type                      Level
   a - Magic Dart                     Conjuration                  1
   b - Searing Ray                    Conjuration                  2
   c - Dazzling Spray                 Conjuration/Hexes            3
   d - Fulminant Prism                Conjuration/Hexes            4
   e - Iskenderun's Mystic Blast      Conjuration                  4
   f - Iskenderun's Battlesphere      Conjuration/Charms           5
Comestibles
 c - 2 bread rations
 d - 4 fruits
 o - a chunk of flesh


   Skills:
 + Level 3.2 Dodging
 - Level 2.4 Stealth
 + Level 4.0 Spellcasting
 * Level 5.4 Conjurations


You had 4 spell levels left.
You knew the following spells:

 Your Spells              Type           Power        Failure   Level  Hunger
a - Magic Dart            Conj           ####         1%          1    None
b - Searing Ray           Conj           ####..       1%          2    #......
c - Iskenderun's Mystic   Conj           ####....     14%         4    ####...


Dungeon Overview and Level Annotations

Branches:
Dungeon (3/15)

Altars:
Makhleb
Okawaru


Message History

* * * LOW HITPOINT WARNING * * *
The orc priest looks braver for a moment.
The orc priest miscasts a cantrip.
The searing ray hits the orc.
You kill the orc!
The jackal bites you but does no damage.
The searing ray hits the jackal.
The jackal is almost dead.
The jackal bites you but does no damage.
The searing ray hits the jackal.
You kill the jackal!
The searing ray hits the orc priest.
The orc priest is almost dead.
The orc priest casts a cantrip, but nothing happens. x2
An iguana comes into view.
The jackal closely misses you.
The orc priest invokes the aid of Beogh against you.
Beogh smites you!
Ouch! That really hurt!
You die...

#####.#
#...).#
#.....######
#..........#
#.....####.#
#.....# #.#
#.....# #.#
#.....#
#.##########
#.....#
#......@h..#
#######
##########o#
#)#


.Ko .#[#l #.#.#.# # #.# # ... ... You could see an orc priest and a jackal.

Vanquished Creatures
  Terence (D:2)
  An adder (D:2)
  An ooze (D:2)
  A worm (D:2)
  2 dart slugs
  An orc (D:3)
  2 giant cockroaches (D:1)
  3 goblins
  4 hobgoblins
  A jackal (D:3)
  7 bats
  3 giant newts
  4 kobolds
  3 rats
34 creatures vanquished.

Notes
Turn   | Place    | Note
--------------------------------------------------------------
     0 | D:1      | Etesian the Deep Elf Conjurer began the quest for the Orb.
     0 | D:1      | Reached XP level 1. HP: 10/10 MP: 6/6
   280 | D:1      | Reached XP level 2. HP: 15/15 MP: 6/8
   285 | D:1      | Learned a level 2 spell: Searing Ray
   862 | D:2      | Noticed Terence
   911 | D:2      | Killed Terence
   911 | D:2      | Reached skill level 5 in Conjurations
   911 | D:2      | Reached XP level 3. HP: 12/19 MP: 1/10
  1211 | D:2      | Reached XP level 4. HP: 24/24 MP: 4/12
  1218 | D:2      | Learned a level 4 spell: Iskenderun's Mystic Blast
  1218 | D:2      | Found an iron altar of Okawaru.
  1259 | D:2      | Found a burning altar of Makhleb.
  1486 | D:3      | Killed from afar by an orc priest

Vault maps used:
D:1:      minmay_arrival_wavy_path, hangedman_feature_mirror,
          minmay_misc_feat_encased
D:2:      old_standard_altar, nicolae_overflow_hidden_temple, first_bread,
          uniq_terence
D:3:      nicolae_overflow_crystal_walls, uniq_sigmund

Skill      XL: |  1  2  3 |
---------------+----------+-----
Dodging        | 3 |  3.2
Conjurations   | 5 |  5.4
Spellcasting   | 4 |  4.0
Stealth        | |  2.4

Action                   |  1- 3 |  4- 6 || total
-------------------------+-------+-------++-------
Melee: Unarmed           |     9 |       ||     9
       Dagger            |    29 |     1 ||    30
 Cast: Magic Dart        |    25 |     9 ||    34
       Searing Ray       |     8 |     2 ||    10
  Use: Scroll            |     7 |     4 ||    11
       Potion            |     1 |       ||     1
 Stab: Sleeping          |     4 |     1 ||     5
  Eat: Chunk             |    15 |     1 ||    16
